 Dungeon Crawl Stone Soup version 0.29.0-4-gdea44cf6ec (webtiles) character file.

Game seed: 1652727365493043095

18 qw the Chopper (level 2, 0/17 HPs)
             Began as a Tengu Warper on Aug 28, 2022.
             Slain by a jackal (2 damage)
             ... on level 1 of the Dungeon.
             The game lasted 00:00:03 (677 turns).

qw the Chopper (Tengu Warper)                        Turns: 677, Time: 00:00:03

Health: 0/17       AC:  3    Str: 11    XL:     2   Next: 70%
Magic:  6/6        EV: 11    Int: 13    God:
Gold:   88         SH:  0    Dex: 13    Spells: 5/5 levels left

rFire   . . .      SeeInvis .   a - +0 hand axe
rCold   . . .      Faith    .   (no shield)
rNeg    . . .      Spirit   .   b - +0 leather armour
rPois   .          Reflect  .   (helmet restricted)
rElec   .          Harm     .   (no cloak)
rCorr   .          Rampage  .   (no gloves)
Will    .....                   (boots unavailable)
Stlth   +.........              (no amulet)
HPRegen 0.05/turn               (no ring)
MPRegen 0.10/turn               (no ring)

@: no status effects
A: beak, talons 3
a: no special abilities


You were on level 1 of the Dungeon.
You visited 1 branch of the dungeon, and saw 1 of its levels.

You collected 88 gold pieces.


Innate Abilities, Weirdness & Mutations

You have a beak for a mouth.
You have claws for feet.


   Skills:
 - Level 2.0 Fighting
 + Level 3.5 Axes
 - Level 1.0 Throwing
 - Level 1.1 Armour
 - Level 2.1 Dodging
 - Level 2.0 Spellcasting
 - Level 2.4 Translocations


You had 5 spell levels left.
You didn't know any spells.
Your spell library contained the following spells:

 Spells                   Type           Power      Damage    Failure   Level
 Blink                    Tloc           14%        N/A       19%         2
 Gell's Gravitas          Tloc           7%         N/A       36%         3
 Lesser Beckoning         Tloc           7%         N/A       36%         3
 Teleport Other           Tloc           7%         N/A       36%         3
 Manifold Assault         Tloc           7%         N/A       98%         5

Inventory:

Hand Weapons
 a - a +0 hand axe (weapon)
 f - a +0 mace
Armour
 b - a +0 leather armour (worn)
Scrolls
 c - a scroll of blinking
 i - a scroll of identify {unknown}
Potions
 e - a potion of might {unknown}
 g - a potion of brilliance {unknown}
 h - a potion of magic {unknown}

Dungeon Overview and Level Annotations

Branches:
Dungeon (1/15)

Altars:

Shops:
D:1 (


Message History

The jackal bites you. The jackal completely misses you.
You hit the jackal.
The jackal is severely wounded.
You hit the jackal but do no damage. The jackal closely misses you.
The jackal completely misses you.
The jackal bites you but does no damage.
The jackal misses you.
You barely miss the jackal.
The jackal is severely wounded.
You hit the jackal. The jackal bites you.
The jackal bites you but does no damage.
You barely miss the jackal.
The jackal is severely wounded.
You closely miss the jackal. The jackal barely misses you.
The jackal closely misses you. The jackal barely misses you.
The jackal bites you.
You barely miss the jackal. You claw the jackal, but do no damage.
Your peck misses the jackal.
The jackal is severely wounded.
You hit the jackal but do no damage. The jackal bites you.
The jackal closely misses you.
You closely miss the jackal. You claw the jackal, but do no damage.
The jackal is severely wounded.
You hit the jackal. The jackal closely misses you.
The jackal barely misses you. The jackal bites you. x2
You barely miss the jackal. Your peck misses the jackal.
The jackal is almost dead.
You hit the jackal.
You kill the jackal!
The jackal bites you. The jackal barely misses you.
You completely miss the jackal.
The jackal is almost dead.
The jackal closely misses you.
You completely miss the jackal. You claw the jackal, but do no damage.
You peck the jackal, but do no damage.
The jackal is almost dead.
The jackal bites you. x2
You die...

.....................
#.............####......
#.............# #......
#.............####......
#.............'.........
#.!...........######....
#...............#####.##
#....?>.....)..........)
#.....%@..............##
#.#....%h...............
..P..7........#........#
.PP.7...##.####........#
... 77.P##.............#
## 7P..#######.........
.hP..# ..##......
.hh.P.. #. +......
.h.P7P #......


You could see a jackal.

Vanquished Creatures
  2 bats (D:1)
  An endoplasm (D:1)
  A giant cockroach (D:1)
  3 goblins (D:1)
  3 jackals (D:1)
  2 quokkas (D:1)
  A ball python (D:1)
  A frilled lizard (D:1)
  A kobold (D:1)
  A rat (D:1)
16 creatures vanquished.

Vanquished Creatures (others)
  2 plants (D:1)
2 creatures vanquished.

Grand Total: 18 creatures vanquished

Notes
Turn   | Place    | Note
-------+----------+-------------------------------------------
     0 | D:1      | qw the Tengu Warper began the quest for the Orb.
     0 | D:1      | Reached XP level 1. HP: 12/12 MP: 4/4
     0 | D:1      | 0 ||| qw: Version: 0.1-a-89-g26bdef1
     0 | D:1      | 0 ||| qw: Game counter: 775
     0 | D:1      | 0 ||| qw: Always use a shield: true
     0 | D:1      | 0 ||| qw: God list: Okawaru
     0 | D:1      | 0 ||| qw: Allow faded altars: false
     0 | D:1      | 0 ||| qw: Do Orc after D:15 true
     0 | D:1      | 0 ||| qw: Do second Lair branch before Depths: true
     0 | D:1      | 0 ||| qw: Lair rune preference: random
     0 | D:1      | 0 ||| qw: Plans: Normal
     0 | D:1      | 0 ||| PLANNING D:1-11
    81 | D:1      | Found Jiuray's Antique Weapon Emporium.
    87 | D:1      | 87 ||| SHOPLISTING club (25 gold, have 0).
    87 | D:1      | 87 ||| SHOPLISTING crystal broad axe (225 gold, have 0).
    87 | D:1      | 87 ||| SHOPLISTING mace (75 gold, have 0).
    87 | D:1      | 87 ||| SHOPLISTING smoking hand axe (200 gold, have 0).
    87 | D:1      | 87 ||| SHOPLISTING whip (62 gold, have 0).
   189 | D:1      | Reached skill level 3 in Axes
   189 | D:1      | Reached XP level 2. HP: 16/17 MP: 6/6
   585 | D:1      | 585 ||| Stepping ~*~*~tactically~*~*~ (stealth).
   655 | D:1      | 655 ||| Stepping ~*~*~tactically~*~*~ (stealth).
   675 | D:1      | HP: 3/17 [jackal (2)]
   677 | D:1      | Slain by a jackal

Levels and vault maps discovered:
D:1:      dpeg_arrival_water_fire, layout_basic, serial_forest,
          infiniplex_forest_straight_4, infiniplex_forest_straight_3,
          infiniplex_forest_end_1, infiniplex_forest_clump_double,
          infiniplex_forest_lined_2, infiniplex_forest_zigzag_1,
          infiniplex_forest_lined_room_2, serial_shops, shop

Skill      XL: |  1 |
---------------+----+-----
Axes           | 3 |  3.5
Fighting       | |  2.0
Throwing       | |  1.0
Armour         | |  1.1
Dodging        | |  2.1
Spellcasting   | |  2.0
Translocations | |  2.4

Action                   || total
-------------------------++-------
Melee: Hand axe          ||    35
       Kick              ||     9
       Peck              ||     7
Throw: Boomerang         ||     7
Armor: Leather armour    ||    10
Dodge: Dodged            ||    28

Table legend:
 A = Non-vault XP
 B = Vault XP
 C = Vault XP percentage of total XP
 D = Non-vault monster count
 E = Vault monster count
 F = Vault count percentage of total count
                 A         B        C        D         E       F
            +---------+---------+-------+---------+---------+-------
      Total |      27 |       0 |   0.0 |      16 |       0 |   0.0
            +---------+---------+-------+---------+---------+-------
        D:1 |      27 |       0 |   0.0 |      16 |       0 |   0.0
            +---------+---------+-------+---------+---------+-------
